Workbook
Name \a: #REF!
Name \i: #REF!
Name \j: #REF!
Name \k: #REF!
Name \p: #REF!
Name ________abr01: #REF!
Name ________abr01: #REF!
Name ________PIB04: #REF!
Name ________PIB04: #REF!
Name ________PIB05: #REF!
Name ________PIB05: #REF!
Name ________PIB06: #REF!
Name ________PIB06: #REF!
Name ________PIB90: #REF!
Name ________PIB90: #REF!
Name ________PIB91: #REF!
Name ________PIB91: #REF!
Name ________PIB92: #REF!
Name ________PIB92: #REF!
Name ________PIB93: #REF!
Name ________PIB93: #REF!
Name ________PIB94: #REF!
Name ________PIB94: #REF!
Name ________PIB95: #REF!
Name ________PIB95: #REF!
Name ________PIB96: #REF!
Name ________PIB96: #REF!
Name ________PIB97: #REF!
Name ________PIB97: #REF!
Name ________PIB98: #REF!
Name ________PIB98: #REF!
Name ________PIB99: #REF!
Name ________PIB99: #REF!
Name _______PIB01: #REF!
Name _______PIB01: #REF!
Name _______PIB02: #REF!
Name _______PIB02: #REF!
Name _______PIB03: #REF!
Name _______PIB03: #REF!
Name ______abr01: #REF!
Name ______abr01: #REF!
Name ______PIB01: #REF!
Name ______PIB01: #REF!
Name ______PIB02: #REF!
Name ______PIB02: #REF!
Name ______PIB03: #REF!
Name ______PIB03: #REF!
Name ______PIB04: #REF!
Name ______PIB04: #REF!
Name ______PIB05: #REF!
Name ______PIB05: #REF!
Name ______PIB06: #REF!
Name ______PIB06: #REF!
Name ______PIB90: #REF!
Name ______PIB90: #REF!
Name ______PIB91: #REF!
Name ______PIB91: #REF!
Name ______PIB92: #REF!
Name ______PIB92: #REF!
Name ______PIB93: #REF!

Sheet Índice
B2: Índice
B4: Tabela 1 - Projeções fiscais para 10 anos - R$ bilhões correntes
B6: Tabela 2 - Projeções fiscais para 10 anos - % do PIB
B8: Tabela 3 - Parâmetros macroeconômicos

Sheet Tabela 1
A2: Tabela 1 - Projeções fiscais para 10 anos - R$ bilhões correntes
A4: Discriminação | B4: 2024 | C4: 2025 | D4: 2026 | E4: 2027 | F4: 2028 | G4: 2029 | H4: 2030 | I4: 2031 | J4: 2032 | K4: 2033 | L4: 2034 | M4: 2035
A5: 1. RECEITA PRIMÁRIA TOTAL | B5: 2679.4416 | C5: 2929.9545 | D5: 3198.2822 | E5: 3419.5939 | F5: 3680.5094 | G5: 3952.2369 | H5: 4219.7073 | I5: 4510.938 | J5: 4807.327 | K5: 5010.8858 | L5: 5245.52 | M5: 5481.5865
A6: 1.1 - Receita Administrada pela RFB | B6: 1690.0204 | C6: 1878.2395 | D6: 2045.283 | E6: 2163.1185 | F6: 2273.0438 | G6: 2418.2671 | H6: 2590.032 | I6: 2790.5205 | J6: 2963.9643 | K6: 3155.9363 | L6: 3357.5254 | M6: 3560.2146
A7: 1.1.1 Imposto de Importação | B7: 77.749321 | C7: 92.451033 | D7: 99.184466 | E7: 107.22377 | F7: 116.58395 | G7: 126.88371 | H7: 139.11577 | I7: 153.62058 | J7: 170.36379 | K7: 189.33948 | L7: 210.93129 | M7: 235.1015
A8: 1.1.2 IPI | B8: 84.373243 | C8: 89.400886 | D8: 92.844612 | E8: 100.32259 | F8: 107.06289 | G8: 113.92718 | H8: 121.05728 | I8: 128.69358 | J8: 136.9579 | K8: 145.90015 | L8: 155.60218 | M8: 166.0187
A9: 1.1.2.1 IPI - Fumo | B9: 8.1605303 | C9: 11.689207 | D9: 10.36582 | E9: 10.282006 | F9: 10.208855 | G9: 10.15222 | H9: 10.637953 | I9: 11.146919 | J9: 11.680229 | K9: 12.239051 | L9: 12.824601 | M9: 13.438145
A10: 1.1.2.2 IPI - Bebidas | B10: 3.3410842 | C10: 3.5095345 | D10: 3.5482386 | E10: 3.6988712 | F10: 3.8338921 | G10: 3.9837321 | H10: 4.1065399 | I10: 4.2354528 | J10: 4.3683779 | K10: 4.5062752 | L10: 4.6492287 | M10: 4.7970946
A11: 1.1.2.3 IPI - Automóveis | B11: 8.6231572 | C11: 9.5605254 | D11: 10.184521 | E11: 10.466867 | F11: 10.944009 | G11: 11.299676 | H11: 11.958708 | I11: 12.645153 | J11: 13.377223 | K11: 14.156163 | L11: 14.984486 | M11: 15.861268
A12: 1.1.2.4 IPI - Vinculado a importação | B12: 29.621167 | C12: 31.936627 | D12: 34.830574 | E12: 37.665078 | F12: 40.872948 | G12: 44.206178 | H12: 47.580499 | I12: 51.265141 | J12: 55.356533 | K12: 59.891763 | L12: 64.939296 | M12: 70.447392
A13: 1.1.2.5 IPI - Outros | B13: 34.627304 | C13: 32.704992 | D13: 33.915459 | E13: 38.209772 | F13: 41.203187 | G13: 44.285376 | H13: 46.773585 | I13: 49.40091 | J13: 52.175537 | K13: 55.106894 | L13: 58.204565 | M13: 61.474797
A14: 1.1.3 Imposto de Renda | B14: 785.16225 | C14: 870.19515 | D14: 955.00881 | E14: 1001.205 | F14: 1044.3616 | G14: 1106.6811 | H14: 1193.5085 | I14: 1302.882 | J14: 1392.7148 | K14: 1490.6646 | L14: 1588.8739 | M14: 1693.1611
A15: 1.1.3.1 IR - Pessoa Física | B15: 71.023576 | C15: 75.183708 | D15: 79.654289 | E15: 85.601433 | F15: 86.4148 | G15: 89.004092 | H15: 96.474727 | I15: 131.75246 | J15: 139.9137 | K15: 149.91343 | L15: 160.31471 | M15: 170.40614
... A73: 14. DÍVIDA LÍQUIDA DO GOVERNO GERAL 4/ | B73: 7445.1597 | C73: 8588.9524 | D73: 9628.472 | E73: 10532.871 | F73: 11340.067 | G73: 12122.148 | H73: 12951.162 | I73: 13820.933 | J73: 14733.653 | K73: 15704.544 | L73: 16727.289 | M73: 17827.768
A74: Nota: Projeções consideram o Cenário de Referência do Relatório de Projeções Fiscais, que tem como premissa a adoção de medidas de receita para cumprimento das metas de resultado primário do PLDO 2026.
A75: 1/ Receitas líquidas adicionais necessárias para atingir as metas fiscais.
A76: 2/ Em 2024, as despesas são apresentadas pelo critério de pagamento efetivo.
A77: 3/ Inclui o resultado primário das empresas estatais regionais.
A78: 4/ Posição de dezembro de cada ano.
A80: Memorando | B80: 2024 | C80: 2025 | D80: 2026 | E80: 2027 | F80: 2028 | G80: 2029 | H80: 2030 | I80: 2031 | J80: 2032 | K80: 2033 | L80: 2034 | M80: 2035
A81: LIMITE DE GASTOS* | B81: 2105.2433 | C81: 2261.375 | D81: 2436.7787 | E81: 2590.3628 | F81: 2741.6788 | G81: 2896.2136 | H81: 3057.6775 | I81: 3228.143 | J81: 3408.112 | K81: 3598.1142 | L81: 3771.2842 | M81: 3919.3826
A82: Despesas sujeitas ao Limite** | B82: 2076.87 | C82: 2235.0774 | D82: 2427.1357 | E82: 2580.1409 | F82: 2730.878 | G82: 2884.7954 | H82: 3045.5861 | I82: 3215.339 | J82: 3394.5381 | K82: 3583.7184 | L82: 3756.0078 | M82: 3903.1738
A83: DESPESAS NÃO SUJEITAS AO LIMITE* | B83: 128.43481 | C83: 159.60114 | D83: 174.30647 | E83: 116.07838 | F83: 116.29741 | G83: 142.75458 | H83: 189.04596 | I83: 236.30431 | J83: 289.20687 | K83: 233.82144 | L83: 221.6332 | M83: 232.15171
A84: TAXAS IMPLÍCITAS DA DÍVIDA PÚBLICA
A85: Dívida líquida do setor público (% a.a.) | B85: 14.715022 | C85: 13.940922 | D85: 12.358109 | E85: 10.76367 | F85: 9.1710214 | G85: 8.6683012 | H85: 8.4528733 | I85: 8.315075 | J85: 8.2664904 | K85: 8.2754087 | L85: 8.1968345 | M85: 8.264667
A86: Dívida bruta do governo geral (% a.a.) | B86: 10.710417 | C86: 11.713776 | D86: 10.711364 | E86: 9.3039305 | F86: 8.0369048 | G86: 7.6051537 | H86: 7.4409441 | I86: 7.3181064 | J86: 7.2906406 | K86: 7.30977 | L86: 7.2592934 | M86: 7.2895715
A87: *Considera o limite de despesas da LC 200/2023.
A88: **A diferença entre o limite de despesa e as despesas sujeitas ao limite justifica-se pelo float, dado que o novo limite de despesas é orçamentário e as projeções do Relatório de Projeções Fiscais são financeiras.

Sheet Tabela 2
A2: Tabela 2 - Projeções fiscais para 10 anos - % do PIB
A4: Discriminação | B4: 2024 | C4: 2025 | D4: 2026 | E4: 2027 | F4: 2028 | G4: 2029 | H4: 2030 | I4: 2031 | J4: 2032 | K4: 2033 | L4: 2034 | M4: 2035
A5: 1. RECEITA PRIMÁRIA TOTAL | B5: =100*'Tabela 1'!B5/'Tabela 3'!B$9 -> 22.814029 | C5: =100*'Tabela 1'!C5/'Tabela 3'!C$9 -> 23.022474 | D5: =100*'Tabela 1'!D5/'Tabela 3'!D$9 -> 23.317381 | E5: =100*'Tabela 1'!E5/'Tabela 3'!E$9 -> 23.196804 | F5: =100*'Tabela 1'!F5/'Tabela 3'!F$9 -> 23.27634 | G5: =100*'Tabela 1'!G5/'Tabela 3'!G$9 -> 23.297793 | H5: =100*'Tabela 1'!H5/'Tabela 3'!H$9 -> 23.226412 | I5: =100*'Tabela 1'!I5/'Tabela 3'!I$9 -> 23.208585 | ... M5: =100*'Tabela 1'!M5/'Tabela 3'!M$9 -> 21.581216
A6: 1.1 - Receita Administrada pela RFB | B6: =100*'Tabela 1'!B6/'Tabela 3'!B$9 -> 14.389631 | C6: =100*'Tabela 1'!C6/'Tabela 3'!C$9 -> 14.758496 | D6: =100*'Tabela 1'!D6/'Tabela 3'!D$9 -> 14.91133 | E6: =100*'Tabela 1'!E6/'Tabela 3'!E$9 -> 14.673507 | F6: =100*'Tabela 1'!F6/'Tabela 3'!F$9 -> 14.375222 | G6: =100*'Tabela 1'!G6/'Tabela 3'!G$9 -> 14.255291 | H6: =100*'Tabela 1'!H6/'Tabela 3'!H$9 -> 14.256238 | I6: =100*'Tabela 1'!I6/'Tabela 3'!I$9 -> 14.35711 | ... M6: =100*'Tabela 1'!M6/'Tabela 3'!M$9 -> 14.016701
A7: 1.1.1 Imposto de Importação | B7: =100*'Tabela 1'!B7/'Tabela 3'!B$9 -> 0.66199438 | C7: =100*'Tabela 1'!C7/'Tabela 3'!C$9 -> 0.72644526 | D7: =100*'Tabela 1'!D7/'Tabela 3'!D$9 -> 0.7231138 | E7: =100*'Tabela 1'!E7/'Tabela 3'!E$9 -> 0.7273521 | F7: =100*'Tabela 1'!F7/'Tabela 3'!F$9 -> 0.73730219 | G7: =100*'Tabela 1'!G7/'Tabela 3'!G$9 -> 0.74795885 | H7: =100*'Tabela 1'!H7/'Tabela 3'!H$9 -> 0.76573092 | I7: =100*'Tabela 1'!I7/'Tabela 3'!I$9 -> 0.79037136 | ... M7: =100*'Tabela 1'!M7/'Tabela 3'!M$9 -> 0.9256036
A8: 1.1.2 IPI | B8: =100*'Tabela 1'!B8/'Tabela 3'!B$9 -> 0.71839358 | C8: =100*'Tabela 1'!C8/'Tabela 3'!C$9 -> 0.70247835 | D8: =100*'Tabela 1'!D8/'Tabela 3'!D$9 -> 0.67689249 | E8: =100*'Tabela 1'!E8/'Tabela 3'!E$9 -> 0.68053798 | F8: =100*'Tabela 1'!F8/'Tabela 3'!F$9 -> 0.67708896 | G8: =100*'Tabela 1'!G8/'Tabela 3'!G$9 -> 0.6715822 | H8: =100*'Tabela 1'!H8/'Tabela 3'!H$9 -> 0.6663321 | I8: =100*'Tabela 1'!I8/'Tabela 3'!I$9 -> 0.66212298 | ... M8: =100*'Tabela 1'!M8/'Tabela 3'!M$9 -> 0.65362196
A9: 1.1.2.1 IPI - Fumo | B9: =100*'Tabela 1'!B9/'Tabela 3'!B$9 -> 0.069482603 | C9: =100*'Tabela 1'!C9/'Tabela 3'!C$9 -> 0.09184937 | D9: =100*'Tabela 1'!D9/'Tabela 3'!D$9 -> 0.075572996 | E9: =100*'Tabela 1'!E9/'Tabela 3'!E$9 -> 0.069747952 | F9: =100*'Tabela 1'!F9/'Tabela 3'!F$9 -> 0.064563016 | G9: =100*'Tabela 1'!G9/'Tabela 3'!G$9 -> 0.059845683 | H9: =100*'Tabela 1'!H9/'Tabela 3'!H$9 -> 0.058554175 | I9: =100*'Tabela 1'!I9/'Tabela 3'!I$9 -> 0.057350427 | ... M9: =100*'Tabela 1'!M9/'Tabela 3'!M$9 -> 0.052906491
A10: 1.1.2.2 IPI - Bebidas | B10: =100*'Tabela 1'!B10/'Tabela 3'!B$9 -> 0.028447567 | C10: =100*'Tabela 1'!C10/'Tabela 3'!C$9 -> 0.027576595 | D10: =100*'Tabela 1'!D10/'Tabela 3'!D$9 -> 0.025868771 | E10: =100*'Tabela 1'!E10/'Tabela 3'!E$9 -> 0.025091281 | F10: =100*'Tabela 1'!F10/'Tabela 3'!F$9 -> 0.024246366 | G10: =100*'Tabela 1'!G10/'Tabela 3'!G$9 -> 0.023483452 | H10: =100*'Tabela 1'!H10/'Tabela 3'!H$9 -> 0.022603509 | I10: =100*'Tabela 1'!I10/'Tabela 3'!I$9 -> 0.021791225 | ... M10: =100*'Tabela 1'!M10/'Tabela 3'!M$9 -> 0.018886345
A11: 1.1.2.3 IPI - Automóveis | B11: =100*'Tabela 1'!B11/'Tabela 3'!B$9 -> 0.073421627 | C11: =100*'Tabela 1'!C11/'Tabela 3'!C$9 -> 0.075122993 | D11: =100*'Tabela 1'!D11/'Tabela 3'!D$9 -> 0.074251219 | E11: =100*'Tabela 1'!E11/'Tabela 3'!E$9 -> 0.071001956 | F11: =100*'Tabela 1'!F11/'Tabela 3'!F$9 -> 0.069212288 | G11: =100*'Tabela 1'!G11/'Tabela 3'!G$9 -> 0.066609753 | H11: =100*'Tabela 1'!H11/'Tabela 3'!H$9 -> 0.06582397 | I11: =100*'Tabela 1'!I11/'Tabela 3'!I$9 -> 0.065058776 | ... M11: =100*'Tabela 1'!M11/'Tabela 3'!M$9 -> 0.062446417
A12: 1.1.2.4 IPI - Vinculado a importação | B12: =100*'Tabela 1'!B12/'Tabela 3'!B$9 -> 0.25220859 | C12: =100*'Tabela 1'!C12/'Tabela 3'!C$9 -> 0.25094594 | D12: =100*'Tabela 1'!D12/'Tabela 3'!D$9 -> 0.25393562 | E12: =100*'Tabela 1'!E12/'Tabela 3'!E$9 -> 0.25550094 | F12: =100*'Tabela 1'!F12/'Tabela 3'!F$9 -> 0.25848939 | G12: =100*'Tabela 1'!G12/'Tabela 3'!G$9 -> 0.26058822 | H12: =100*'Tabela 1'!H12/'Tabela 3'!H$9 -> 0.26189596 | I12: =100*'Tabela 1'!I12/'Tabela 3'!I$9 -> 0.26375697 | ... M12: =100*'Tabela 1'!M12/'Tabela 3'!M$9 -> 0.27735408
A13: 1.1.2.5 IPI - Outros | B13: =100*'Tabela 1'!B13/'Tabela 3'!B$9 -> 0.2948332 | C13: =100*'Tabela 1'!C13/'Tabela 3'!C$9 -> 0.25698346 | D13: =100*'Tabela 1'!D13/'Tabela 3'!D$9 -> 0.24726389 | E13: =100*'Tabela 1'!E13/'Tabela 3'!E$9 -> 0.25919586 | F13: =100*'Tabela 1'!F13/'Tabela 3'!F$9 -> 0.26057789 | G13: =100*'Tabela 1'!G13/'Tabela 3'!G$9 -> 0.26105508 | H13: =100*'Tabela 1'!H13/'Tabela 3'!H$9 -> 0.25745449 | I13: =100*'Tabela 1'!I13/'Tabela 3'!I$9 -> 0.25416558 | ... M13: =100*'Tabela 1'!M13/'Tabela 3'!M$9 -> 0.24202863
A14: 1.1.3 Imposto de Renda | B14: =100*'Tabela 1'!B14/'Tabela 3'!B$9 -> 6.6852416 | C14: =100*'Tabela 1'!C14/'Tabela 3'!C$9 -> 6.8376644 | D14: =100*'Tabela 1'!D14/'Tabela 3'!D$9 -> 6.9625827 | E14: =100*'Tabela 1'!E14/'Tabela 3'!E$9 -> 6.7916709 | F14: =100*'Tabela 1'!F14/'Tabela 3'!F$9 -> 6.6047692 | G14: =100*'Tabela 1'!G14/'Tabela 3'!G$9 -> 6.5237049 | H14: =100*'Tabela 1'!H14/'Tabela 3'!H$9 -> 6.5693941 | I14: =100*'Tabela 1'!I14/'Tabela 3'!I$9 -> 6.7032725 | ... M14: =100*'Tabela 1'!M14/'Tabela 3'!M$9 -> 6.6660399
A15: 1.1.3.1 IR - Pessoa Física | B15: =100*'Tabela 1'!B15/'Tabela 3'!B$9 -> 0.60472822 | C15: =100*'Tabela 1'!C15/'Tabela 3'!C$9 -> 0.59076514 | D15: =100*'Tabela 1'!D15/'Tabela 3'!D$9 -> 0.58072718 | E15: =100*'Tabela 1'!E15/'Tabela 3'!E$9 -> 0.58067704 | F15: =100*'Tabela 1'!F15/'Tabela 3'!F$9 -> 0.54650594 | G15: =100*'Tabela 1'!G15/'Tabela 3'!G$9 -> 0.52466464 | H15: =100*'Tabela 1'!H15/'Tabela 3'!H$9 -> 0.53102304 | I15: =100*'Tabela 1'!I15/'Tabela 3'!I$9 -> 0.67786082 | ... M15: =100*'Tabela 1'!M15/'Tabela 3'!M$9 -> 0.67089548
A16: 1.1.3.2 IR - Pessoa Jurídica | B16: =100*'Tabela 1'!B16/'Tabela 3'!B$9 -> 2.3877779 | C16: =100*'Tabela 1'!C16/'Tabela 3'!C$9 -> 2.4874836 | D16: =100*'Tabela 1'!D16/'Tabela 3'!D$9 -> 2.4465365 | E16: =100*'Tabela 1'!E16/'Tabela 3'!E$9 -> 2.4245779 | F16: =100*'Tabela 1'!F16/'Tabela 3'!F$9 -> 2.3946377 | G16: =100*'Tabela 1'!G16/'Tabela 3'!G$9 -> 2.3946966 | H16: =100*'Tabela 1'!H16/'Tabela 3'!H$9 -> 2.4418442 | I16: =100*'Tabela 1'!I16/'Tabela 3'!I$9 -> 2.4252303 | ... M16: =100*'Tabela 1'!M16/'Tabela 3'!M$9 -> 2.3091522
... A73: 14. DÍVIDA LÍQUIDA DO GOVERNO GERAL 4/ | B73: =100*'Tabela 1'!B73/'Tabela 3'!B$9 -> 63.391601 | C73: =100*'Tabela 1'!C73/'Tabela 3'!C$9 -> 67.488739 | D73: =100*'Tabela 1'!D73/'Tabela 3'!D$9 -> 70.197292 | E73: =100*'Tabela 1'!E73/'Tabela 3'!E$9 -> 71.449693 | F73: =100*'Tabela 1'!F73/'Tabela 3'!F$9 -> 71.717041 | G73: =100*'Tabela 1'!G73/'Tabela 3'!G$9 -> 71.458089 | H73: =100*'Tabela 1'!H73/'Tabela 3'!H$9 -> 71.286706 | I73: =100*'Tabela 1'!I73/'Tabela 3'!I$9 -> 71.108116 | ... M73: =100*'Tabela 1'!M73/'Tabela 3'!M$9 -> 70.188606
A74: Nota: Projeções consideram o Cenário de Referência do Relatório de Projeções Fiscais, que tem como premissa a adoção de medidas de receita para cumprimento das metas de resultado primário do PLDO 2026.
A75: 1/ Receitas líquidas adicionais necessárias para atingir as metas fiscais.
A76: 2/ Em 2024, as despesas são apresentadas pelo critério de pagamento efetivo.
A77: 3/ Inclui o resultado primário das empresas estatais regionais.
A78: 4/ Posição de dezembro de cada ano.
A80: Memorando | B80: 2024 | C80: 2025 | D80: 2026 | E80: 2027 | F80: 2028 | G80: 2029 | H80: 2030 | I80: 2031 | J80: 2032 | K80: 2033 | L80: 2034 | M80: 2035
A81: LIMITE DE GASTOS* | B81: =100*'Tabela 1'!B81/'Tabela 3'!B$9 -> 17.925034 | C81: =100*'Tabela 1'!C81/'Tabela 3'!C$9 -> 17.76903 | D81: =100*'Tabela 1'!D81/'Tabela 3'!D$9 -> 17.765567 | E81: =100*'Tabela 1'!E81/'Tabela 3'!E$9 -> 17.571718 | F81: =100*'Tabela 1'!F81/'Tabela 3'!F$9 -> 17.338972 | G81: =100*'Tabela 1'!G81/'Tabela 3'!G$9 -> 17.072708 | H81: =100*'Tabela 1'!H81/'Tabela 3'!H$9 -> 16.830286 | I81: =100*'Tabela 1'!I81/'Tabela 3'!I$9 -> 16.608659 | ... M81: =100*'Tabela 1'!M81/'Tabela 3'!M$9 -> 15.430759
A82: Despesas sujeitas ao Limite** | B82: =100*'Tabela 1'!B82/'Tabela 3'!B$9 -> 17.683451 | C82: =100*'Tabela 1'!C82/'Tabela 3'!C$9 -> 17.562393 | D82: =100*'Tabela 1'!D82/'Tabela 3'!D$9 -> 17.695264 | E82: =100*'Tabela 1'!E82/'Tabela 3'!E$9 -> 17.502377 | F82: =100*'Tabela 1'!F82/'Tabela 3'!F$9 -> 17.270665 | G82: =100*'Tabela 1'!G82/'Tabela 3'!G$9 -> 17.0054 | H82: =100*'Tabela 1'!H82/'Tabela 3'!H$9 -> 16.763731 | I82: =100*'Tabela 1'!I82/'Tabela 3'!I$9 -> 16.542783 | ... M82: =100*'Tabela 1'!M82/'Tabela 3'!M$9 -> 15.366945
A83: DESPESAS NÃO SUJEITAS AO LIMITE* | B83: =100*'Tabela 1'!B83/'Tabela 3'!B$9 -> 1.0935545 | C83: =100*'Tabela 1'!C83/'Tabela 3'!C$9 -> 1.2540854 | D83: =100*'Tabela 1'!D83/'Tabela 3'!D$9 -> 1.2707979 | E83: =100*'Tabela 1'!E83/'Tabela 3'!E$9 -> 0.78741731 | F83: =100*'Tabela 1'!F83/'Tabela 3'!F$9 -> 0.73549003 | G83: =100*'Tabela 1'!G83/'Tabela 3'!G$9 -> 0.84151502 | H83: =100*'Tabela 1'!H83/'Tabela 3'!H$9 -> 1.0405602 | I83: =100*'Tabela 1'!I83/'Tabela 3'!I$9 -> 1.2157756 | ... M83: =100*'Tabela 1'!M83/'Tabela 3'!M$9 -> 0.91399016
A84: TAXAS IMPLÍCITAS DA DÍVIDA PÚBLICA
A85: Dívida líquida do setor público (% a.a.) | B85: ='Tabela 1'!B85 -> 14.715022 | C85: ='Tabela 1'!C85 -> 13.940922 | D85: ='Tabela 1'!D85 -> 12.358109 | E85: ='Tabela 1'!E85 -> 10.76367 | F85: ='Tabela 1'!F85 -> 9.1710214 | G85: ='Tabela 1'!G85 -> 8.6683012 | H85: ='Tabela 1'!H85 -> 8.4528733 | I85: ='Tabela 1'!I85 -> 8.315075 | ... M85: ='Tabela 1'!M85 -> 8.264667
A86: Dívida bruta do governo geral (% a.a.) | B86: ='Tabela 1'!B86 -> 10.710417 | C86: ='Tabela 1'!C86 -> 11.713776 | D86: ='Tabela 1'!D86 -> 10.711364 | E86: ='Tabela 1'!E86 -> 9.3039305 | F86: ='Tabela 1'!F86 -> 8.0369048 | G86: ='Tabela 1'!G86 -> 7.6051537 | H86: ='Tabela 1'!H86 -> 7.4409441 | I86: ='Tabela 1'!I86 -> 7.3181064 | ... M86: ='Tabela 1'!M86 -> 7.2895715
A87: *Considera o limite de despesas da LC 200/2023.
A88: **A diferença entre o limite de despesa e as despesas sujeitas ao limite justifica-se pelo float, dado que o novo limite de despesas é orçamentário e as projeções do Relatório de Projeções Fiscais são financeiras.

Sheet Tabela 3
A2: Tabela 3 - Parâmetros macroeconômicos
A4: Discriminação | B4: 2024 | C4: 2025 | D4: 2026 | E4: 2027 | F4: 2028 | G4: 2029 | H4: 2030 | I4: 2031 | J4: 2032 | K4: 2033 | L4: 2034 | M4: 2035
A5: Câmbio - final período (R$/US$) | B5: 6.1923 | C5: 5.863 | D5: 5.9094 | E5: 5.8521 | F5: 5.85 | G5: 5.8627 | H5: 5.9153586 | I5: 5.973344 | J5: 6.0318977 | K5: 6.0910255 | L5: 6.1507328 | M5: 6.2110254
A6: Câmbio - médio (R$/US$) | B6: 5.3895333 | C6: 5.79595 | D6: 5.898025 | E6: 5.8541458 | F6: 5.8509625 | G6: 5.8568792 | H6: 5.8889936 | I6: 5.9467206 | J6: 6.0050133 | K6: 6.0638775 | L6: 6.1233187 | M6: 6.1833426
A7: Crescimento nominal do PIB (% a.a.) | B7: 7.322856 | C7: 8.3593966 | D7: 7.7775073 | E7: 7.4754739 | F7: 7.2622388 | G7: 7.2839957 | H7: 7.095695 | I7: 6.9837979 | J7: 6.9283107 | K7: 6.9177245 | L7: 6.9434089 | M7: 6.8847451
A8: Crescimento real do PIB (% a.a.) | B8: 3.3958665 | C8: 2.375026 | D8: 2.5161638 | E8: 2.5921326 | F8: 2.5529255 | G8: 2.593063 | H8: 2.6617046 | I8: 2.7317047 | J8: 2.8117047 | K8: 2.9017048 | L8: 3.0017048 | M8: 3.0017048
A9: PIB (R$ bilhões) | B9: 11744.71 | C9: 12726.497 | D9: 13716.301 | E9: 14741.66 | F9: 15812.234 | G9: 16963.997 | H9: 18167.71 | I9: 19436.506 | J9: 20783.128 | K9: 22220.847 | L9: 23763.732 | M9: 25399.804
A10: Deflator do PIB (% a.a.) | B10: 3.7980141 | C10: 5.8455375 | D10: 5.1322088 | E10: 4.7599569 | F10: 4.5920809 | G10: 4.5723684 | H10: 4.3190306 | I10: 4.1390272 | J10: 4.0040247 | K10: 3.9027728 | L10: 3.8268338 | M10: 3.7698797
A11: IPCA acumulado (% a.a.) | B11: 4.8311967 | C11: 5.0372963 | D11: 3.5971226 | E11: 3.1026082 | F11: 2.9998559 | G11: 2.9998559 | H11: 2.9998559 | I11: 2.9998559 | J11: 2.9998559 | K11: 2.9998559 | L11: 2.9998559 | M11: 2.9998559
A12: INPC acumulado (% a.a.) | B12: 4.768115 | C12: 4.9406724 | D12: 3.5043015 | E12: 3.0718301 | F12: 2.9999222 | G12: 2.9999222 | H12: 2.9998559 | I12: 2.9998559 | J12: 2.9998559 | K12: 2.9998559 | L12: 2.9998559 | M12: 2.9998559
A13: IGP-DI médio (% a.a.) | B13: 1.7929002 | C13: 7.2538781 | D13: 5.7723321 | E13: 4.5536359 | F13: 4.1355993 | G13: 3.9981348 | H13: 3.5545238 | I13: 2.9998559 | J13: 2.9998559 | K13: 2.9998559 | L13: 2.9998559 | M13: 2.9998559
A14: Taxa Selic média (% a.a.) | B14: 10.838193 | C14: 14.307973 | D14: 12.430897 | E14: 9.8894762 | F14: 7.5246367 | G14: 6.9 | H14: 6.462445 | I14: 6.4 | J14: 6.4 | K14: 6.4 | L14: 6.4 | M14: 6.4
A15: Selic - final de período (% a.a.) | B15: 11.77 | C15: 14.323913 | D15: 11.15 | E15: 8.1727273 | F15: 7.15 | G15: 6.9 | H15: 6.4 | I15: 6.4 | J15: 6.4 | K15: 6.4 | L15: 6.4 | M15: 6.4
... A17: Crescimento nominal da Massa Salarial (% a.a.) | B17: 11.91863 | C17: 12.052377 | D17: 8.0839966 | E17: 7.8635699 | F17: 7.3568226 | G17: 6.4503999 | H17: 7.9576689 | I17: 7.6441959 | J17: 7.8965525 | K17: 7.634013 | L17: 7.8924797 | M17: 7.9075075
